[Event "45th FIDE Olympiad 2024"]
[Site "Budapest"]
[Date "2024.09.16"]
[Round "6.53"]
[White "Sadorra, Julio Catalino"]
[Black "Martirosyan, Haik M."]
[Result "1-0"]
[ECO "E46"]
[WhiteElo "2542"]
[BlackElo "2667"]
[Annotator "TA"]
[PlyCount "125"]
[EventDate "2024.09.05"]
[EventType "team-tourn"]
[EventCountry "HUN"]
[SourceTitle "playchess.com"]
[Source "ChessBase"]
[SourceQuality "1"]
[WhiteTeam "Philippines"]
[BlackTeam "Armenia"]
[WhiteTeamCountry "PHI"]
[BlackTeamCountry "ARM"]
[TimeControl "40/5400+30:1800+30"]

1. d4 Nf6 2. c4 e6 3. Nc3 Bb4 4. e3 O-O 5. Bd2 c5 6. a3 Bxc3 7. Bxc3 Ne4 8. Ne2 b6 9. d5 Ba6 10. b3 b5 11. Qc2 exd5 12. cxd5 Nxc3 13. Qxc3 d6 14. Ng3 g6 15. Be2 Re8 16. Qd2 Nd7 17. e4 h5 18. h4 c4 19. Qf4 Re5 20. bxc4 bxc4 21. O-O Rc8 22. Rfc1 Qe7 23. Rab1 Nb6 24. Rb4 Rc5 25. a4 Bc8 26. Ra1 c3 27. a5 Nd7 28. a6 c2 29. Rc1 Nf6 30. Bd3 Kg7 31. Rb2 Rc3 {[%emt 0:00:41] [#]} (31... Nd7 $16 32. Rbxc2 (32. Rcxc2 Rxc2 33. Rxc2 Nc5 $18) 32... Rxc2 33. Rxc2 Nc5 34. Qe3) 32. Qd2 $1 $18 (32. Bxc2 Qc7 $11) (32. Rcxc2 Rxd3 33. Rxc8 Rd1+ 34. Kh2 Qd7 $17) 32... Nxd5 33. Bxc2 (33. exd5 Rxd3 34. Qxc2 (34. Nxh5+ $2 gxh5 35. Qxc2 Re1+ 36. Rxe1 Qxe1+ $19) 34... Bxa6 $17 (34... Rdxd5 $2 35. Qxc8 Rc5 36. Rxc5 $18)) 33... Rc5 34. exd5 Bxa6 35. Rbb1 Qxh4 (35... Rcxd5 $142 36. Qf4 Ra5) 36. Bb3 Rxc1+ 37. Rxc1 (37. Qxc1 $6 Bd3 $16) 37... Bb5 38. Qc3 Qf4 39. Re1 h4 $2 (39... Kf8 $16 40. Rxe5 Qxe5 41. Qxe5 dxe5) 40. Ne4 $18 Kh6 41. g3 (41. Nxd6 Rxe1+ 42. Qxe1 Qxd6 $11) 41... hxg3 42. fxg3 Qg4 43. Nxd6 Rxe1+ 44. Qxe1 Qf3 45. Nxb5 Qxb3 46. Qd2+ Kg7 47. Nc3 (47. Nxa7 Qxg3+ 48. Qg2 Qe1+ 49. Kh2 Qh4+ 50. Kg1 Qe1+ 51. Kh2 Qh4+ 52. Kg1 Qd4+ 53. Qf2 Qxd5 $11) 47... Kf8 48. Kg2 a5 49. Ne4 (49. d6 $142 Ke8 50. Nd5 Qa3 51. Qe2+ Kd7 52. Nb6+ Kc6 53. Qe8+ Kxb6 54. d7 (54. Qxf7 Qxd6 55. Qa2 Qc6+ 56. Kh2 Qe4 $11) 54... Qa2+ 55. Kh3) 49... Qb4 $18 50. Qh6+ Ke8 51. Qh8+ Kd7 52. Qe5 f5 53. Nc3 (53. Nf6+ $142 Kc8 54. Kh3) 53... a4 54. Qe6+ Kd8 55. Qf6+ (55. d6 $142 Qb7+ 56. Nd5 g5 57. Qg8+ (57. Qxf5 Qb2+ 58. Kh3 Qh8+ 59. Kg4 Qd4+ 60. Kxg5 a3 $18) 57... Kd7 58. Qg7+ Kxd6 59. Qxb7 Ke5 60. Nc3 (60. Qb5 Kd6 61. Nc3 f4 62. Qd5+ Ke7 63. Qc6 Kf8 64. Nd5 f3+ 65. Kh2 g4)) 55... Kd7 56. Qc6+ Ke7 57. d6+ ({Weaker is} 57. Nxa4 Qd2+ 58. Kf3 Qd3+ 59. Kf2 Qd2+ 60. Kg1 Qe1+ 61. Kg2 Qd2+ 62. Kf1 Qd1+ 63. Kf2 Qd2+ 64. Kf1 Qd1+ 65. Kf2 Qd2+ $11) 57... Qxd6 58. Nd5+ ({Not} 58. Qxa4 Qd2+ 59. Kh3 Qxc3 $11) 58... Ke6 59. Nf4+ ({Worse is} 59. Qxa4 Qxd5+ 60. Kh2 Kf7 $11) 59... Ke7 60. Nxg6+ Ke6 61. Nf4+ Ke7 62. Qxa4 Qc5 63. Qb4 1-0

[Event "45th FIDE Olympiad 2024"]
[Site "Budapest"]
[Date "2024.09.16"]
[Round "6.53"]
[White "Houssein, Mohamed Bilal"]
[Black "Eichab, Charles"]
[Result "0-1"]
[WhiteElo "1870"]
[BlackElo "2013"]
[PlyCount "150"]
[EventDate "2024.09.05"]
[EventType "team-tourn"]
[EventCountry "HUN"]
[WhiteTeam "Djibouti"]
[BlackTeam "Namibia"]
[WhiteTeamCountry "DJI"]
[BlackTeamCountry "NAM"]
[TimeControl "40/5400+30:1800+30"]

1. e4 c5 2. Nf3 g6 3. d4 cxd4 4. Nxd4 Nc6 5. c4 Bg7 6. Be3 Nf6 7. Nc3 O-O 8. Be2 d6 9. O-O Nxd4 10. Bxd4 Be6 11. Qd2 Qa5 12. Rfd1 Rfc8 13. b3 a6 14. f3 Nd7 15. Rac1 Bxd4+ 16. Qxd4 Qc5 17. Qf2 Qxf2+ 18. Kxf2 Rc7 19. a4 Nc5 20. Rb1 g5 21. g4 f6 22. a5 Rb8 23. Rdc1 b6 24. axb6 Rxb6 25. b4 Nd7 26. Rb2 Rbc6 27. Nd5 Bxd5 28. exd5 Rb6 29. Ke3 Ne5 30. Kd4 Rb8 31. Ra1 Rcb7 32. Ra4 Kf7 33. Kc3 Rb6 34. Raa2 Rc8 35. Kd4 Rcb8 36. Kc3 Rc8 37. Ra5 Rcb8 38. Ra4 h6 39. Rba2 Ke8 40. R2a3 Kd7 41. c5 dxc5 42. bxc5 Rb2 43. Bd1 Rb1 44. Bc2 R1b5 45. Bf5+ Kc7 46. Ra5 Rb4 47. Bd3 Nxd3 48. Kxd3 Rb3+ 49. Rxb3 Rxb3+ 50. Kc4 Rxf3 51. Rxa6 Rf4+ 52. Kb5 Rd4 53. Ra7+ Kd8 54. Ra8+ Kd7 55. c6+ Kc7 56. Kc5 Rd2 57. Ra7+ Kd8 58. Rd7+ Ke8 59. Kb6 Ra2 60. Kb7 Ra4 61. Kb8 Rxg4 62. Rb7 Rc4 63. c7 f5 64. c8=Q+ Rxc8+ 65. Kxc8 f4 66. Rb3 h5 67. h3 Kf7 68. Kd7 Kf6 69. Rd3 g4 70. hxg4 hxg4 71. Rd4 Ke5 72. Ra4 g3 73. Kxe7 g2 74. Ra1 Kxd5 75. Kf6 f3 {0-} 0-1

[Event "45th FIDE Olympiad 2024"]
[Site "Budapest"]
[Date "2024.09.16"]
[Round "6.54"]
[White "Sargsyan, Shant"]
[Black "Quizon, Daniel"]
[Result "1-0"]
[ECO "B38"]
[WhiteElo "2649"]
[BlackElo "2490"]
[Annotator "TA"]
[PlyCount "137"]
[EventDate "2024.09.05"]
[EventType "team-tourn"]
[EventCountry "HUN"]
[SourceTitle "playchess.com"]
[Source "ChessBase"]
[SourceQuality "1"]
[WhiteTeam "Armenia"]
[BlackTeam "Philippines"]
[WhiteTeamCountry "ARM"]
[BlackTeamCountry "PHI"]
[TimeControl "40/5400+30:1800+30"]

1. d4 Nf6 2. c4 g6 3. Nc3 Bg7 4. e4 d6 5. Be2 c5 6. Nf3 cxd4 7. Nxd4 O-O 8. O-O Nc6 9. Be3 Bd7 10. Nc2 Rc8 11. Qd2 {[%emt 0:10:13] 11.Rc1 is becoming the main line. B38: Sicilian: Maroczy Bind with 5...Bg7 and 7...0-0.} a6 12. Rad1 $5 {[%emt 0:16:04][%mdl 4] Leaves trodden paths.} Ne5 13. c5 $146 ({Predecessor:} 13. b3 b5 14. f4 Neg4 15. cxb5 Nxe3 16. Nxe3 axb5 17. e5 b4 18. exf6 bxc3 19. fxe7 Qxe7 {0-1 Kulpinski,P (2048)-Gunajew,R (2270) POL-ch blind 2010 (6.1)}) 13... Bc6 14. f3 dxc5 15. Bxc5 Qxd2 16. Rxd2 Bh6 17. Be3 Bxe3+ 18. Nxe3 g5 19. Nf5 Rc7 20. h4 gxh4 21. Nxh4 Ng6 22. Nf5 e6 23. Ne3 h5 24. g3 Kg7 25. Kf2 Rh8 26. Rh1 Rcc8 27. Nc4 b5 28. Nd6 Rc7 29. Rc1 Bxe4 30. Ndxe4 Nxe4+ 31. fxe4 b4 32. Bxa6 Ra8 {[%emt 0:01:06] [#]} 33. Rd6 (33. Bb5 $1 $16 {Strongly threatening Ne2.} Rb8 (33... bxc3 34. Rxc3 Rxc3 35. bxc3 $14) 34. Rdc2 (34. a4 bxa3 35. Rdc2 Rxc3 $11)) 33... Rca7 $11 34. Bc4 bxc3 35. Rxc3 Ne5 36. Bb3 Kf6 37. Rd2 Rb7 38. Ke3 Ra5 (38... Rg8 $11) 39. Rdc2 Ng4+ 40. Kf3 Ne5+ 41. Ke3 Ng4+ 42. Kd2 Rd7+ 43. Kc1 Ne5 ({Black should play} 43... Ke5 $14) 44. Rd2 $16 Rb7 45. a3 Ng6 46. Bd1 h4 47. gxh4 Nxh4 48. b4 Ra8 49. Kb2 ({But not} 49. Rf2+ $6 Ke5 50. Rc5+ Kxe4) 49... Ng6 50. Rc5 Rab8 51. Bh5 Nf4 52. Bf3 Ra7 (52... Rb5 $142 53. Rxb5 Rxb5) 53. e5+ $18 Ke7 54. Rd4 Ng6 55. Bh5 Nh8 (55... Nf8 $142 56. Rf4 Ng6 57. Bxg6 fxg6) 56. b5 $18 f6 57. exf6+ Kxf6 58. a4 e5 59. Re4 Re7 60. Kb3 Kf5 61. Re1 Kf4 62. a5 e4 63. Rf1+ Ke3 64. b6 Kd4 65. Kb4 e3 66. Rf4+ Kd3 67. Rd5+ Kc2 68. Rc4+ Kb2 69. Rdc5 1-0

[Event "45th FIDE Olympiad 2024"]
[Site "Budapest"]
[Date "2024.09.16"]
[Round "6.54"]
[White "Schwarz, Bernhard"]
[Black "Omar, Aden Omar"]
[Result "1/2-1/2"]
[WhiteElo "1875"]
[BlackElo "1779"]
[PlyCount "82"]
[EventDate "2024.09.05"]
[EventType "team-tourn"]
[EventCountry "HUN"]
[WhiteTeam "Namibia"]
[BlackTeam "Djibouti"]
[WhiteTeamCountry "NAM"]
[BlackTeamCountry "DJI"]
[TimeControl "40/5400+30:1800+30"]

1. e4 e6 2. d4 d5 3. e5 c5 4. c3 Nc6 5. Nf3 Qb6 6. a3 c4 7. Nbd2 Bd7 8. Rb1 Qc7 9. Be2 f6 10. exf6 Nxf6 11. b3 b5 12. O-O Bd6 13. bxc4 bxc4 14. Re1 O-O 15. h3 e5 16. dxe5 Nxe5 17. Nd4 Bc5 18. N2f3 Rae8 19. Bf1 Nxf3+ 20. Nxf3 Bxf2+ 21. Kxf2 Ne4+ 22. Kg1 Nxc3 23. Qd4 Rxe1 24. Nxe1 Nxb1 25. Qxd5+ Kh8 26. Bxc4 Qg3 27. Nf3 Bxh3 28. Ng5 h6 29. Nxh3 Qe1+ 30. Kh2 Qxc1 31. Qd6 Qxa3 32. Qg6 Qe7 33. Bd3 Kg8 34. Qh7+ Kf7 35. Qg6+ Kg8 36. Qh7+ Kf7 37. Qg6+ Kg8 38. Bc4+ Kh8 39. Bd3 Kg8 40. Bc4+ Kh8 41. Bd3 Kg8 1/2-1/2

[Event "45th FIDE Olympiad 2024"]
[Site "Budapest"]
[Date "2024.09.16"]
[Round "6.55"]
[White "Bersamina, Paulo"]
[Black "Sargissian, Gabriel"]
[Result "1/2-1/2"]
[ECO "C56"]
[WhiteElo "2425"]
[BlackElo "2646"]
[Annotator "TA"]
[PlyCount "203"]
[EventDate "2024.09.05"]
[EventType "team-tourn"]
[EventCountry "HUN"]
[SourceTitle "playchess.com"]
[Source "ChessBase"]
[SourceQuality "1"]
[WhiteTeam "Philippines"]
[BlackTeam "Armenia"]
[WhiteTeamCountry "PHI"]
[BlackTeamCountry "ARM"]
[TimeControl "40/5400+30:1800+30"]

1. e4 e5 2. Nf3 Nc6 3. d4 exd4 4. Bc4 Nf6 5. e5 d5 6. Bb5 Ne4 7. Nxd4 Bc5 8. Be3 O-O 9. Nxc6 bxc6 10. Bxc5 Nxc5 11. Bxc6 Rb8 12. Qxd5 Qe7 13. O-O Rxb2 {[%emt 0:01:42] White has an edge.} 14. Qd4 Rxc2 {[%emt 0:17:17] [#] ...Ne6 is the strong threat.} 15. Nc3 Ne6 16. Qd3 Rb2 17. Qe3 (17. Nd5 {keeps more tension.} Qc5 18. Rac1 Qa5 19. Rfd1) 17... Qc5 18. Qxc5 Nxc5 19. Rab1 Rc2 20. Nd5 Be6 21. Rfd1 g6 22. a3 Kh8 23. Nb4 Rc3 24. Rbc1 Rxc1 25. Rxc1 Rd8 26. Bf3 Nb3 27. Rxc7 Nd4 28. h4 (28. Rxa7 Nxf3+ 29. gxf3 Bh3) 28... a5 29. Na6 Nxf3+ 30. gxf3 $11 {[%emt 0:00:09][%mdl 4096] Endgame. KRB-KRN} Rd5 31. Rc5 Rd3 32. Rxa5 Rxf3 33. Nc7 Bd7 34. Ra6 Kg7 35. Rd6 Ba4 36. e6 Rc3 (36... Rxa3 $11 {should be considered.} 37. Ra6 (37. e7 Ra1+ 38. Kg2 Re1 $16) 37... Rc3) 37. Nd5 $14 Rc1+ 38. Kh2 $1 {[%emt 0:00:28][%cal Od6d7] [#] Rd7! would now be deadly.} fxe6 39. Rxe6 Bb3 40. Re7+ Kf8 41. Rc7 Rf1 42. Kg2 Ra1 43. Nf6 Rxa3 44. Nxh7+ Kg8 45. Nf6+ Kf8 46. Rc3 {[%emt 0:00:00] Black must now prevent Rf3.} Kg7 47. Ne4 {[%emt 0:00:00] Strongly threatening Rf3.} Ra4 $1 48. Rc7+ Kf8 49. Nc5 Rb4 50. Kg3 Kg8 51. Nd3 Rb5 52. Rc5 Rxc5 53. Nxc5 $11 {[%emt 0:00:00] KB-KN} Bc2 54. Kf4 Kg7 55. Kg5 Bb1 56. Ne6+ Kf7 57. Nd4 Kg7 58. Nc6 Be4 59. Ne5 Bb1 60. Ng4 Bc2 61. Kf4 Bd1 62. Ne3 Be2 63. Kg5 Bd3 64. Ng2 Be4 65. Nf4 Bb1 66. Ne2 Bd3 67. Ng3 Bb1 68. Nf1 Bd3 69. Nd2 Bc2 70. Nc4 Bd3 71. Ne5 Bb1 72. Ng4 Bc2 73. Kf4 Bd1 74. Kg3 Bc2 75. Kf3 Bd1+ 76. Kf4 Be2 77. Kg5 {[%emt 0:01:52] White threatens Ne5 and mate.} Bd3 78. Nf6 Bb1 79. Ne8+ Kf7 80. Nc7 Kg7 81. Na6 Bd3 82. Nb4 Bb1 83. f3 Kh7 84. Nd5 Kg7 85. Nf4 Bc2 86. Ng2 Bb1 87. Ne1 Ba2 88. Nd3 Bb1 89. Nc5 Bc2 90. Ne6+ Kf7 91. Nd4 Bb1 92. Kf4 Kf6 93. Ne2 Bc2 94. Ng3 Bd1 95. Nh1 g5+ {[%emt 0:03:32] The position is equal.} 96. hxg5+ Kg6 97. Ng3 Bxf3 $1 98. Nf5 {[%emt 0:00:03] Intending Nh4+ and mate.} Bd1 99. Nh4+ Kg7 100. Nf5+ Kg6 101. Nh4+ Kg7 102. Nf5+ {[%emt 0:00:03] Weighted Error Value: White=0.04 (flawless) /Black=0.04 (flawless) .  Mistake:       	---       	Black=1      Inaccurate:     	White=3     	Black=1      OK:         	White=20    	Black=49     Best:        	White=7     	Black=12     Strong:       	White=1     	Black=2} 1/2-1/2

[Event "45th FIDE Olympiad 2024"]
[Site "Budapest"]
[Date "2024.09.16"]
[Round "6.55"]
[White "Mohamed, Ali Dima"]
[Black "Khoa, Goodwill"]
[Result "0-1"]
[WhiteElo "1761"]
[BlackElo "1890"]
[PlyCount "60"]
[EventDate "2024.09.05"]
[EventType "team-tourn"]
[EventCountry "HUN"]
[WhiteTeam "Djibouti"]
[BlackTeam "Namibia"]
[WhiteTeamCountry "DJI"]
[BlackTeamCountry "NAM"]
[TimeControl "40/5400+30:1800+30"]

1. d4 Nf6 2. c4 c5 3. e3 g6 4. Nc3 Bg7 5. Be2 cxd4 6. exd4 d5 7. b3 O-O 8. Nf3 Nc6 9. O-O dxc4 10. bxc4 Bg4 11. Be3 Qa5 12. Qb3 Rab8 13. h3 Bxf3 14. Bxf3 e5 15. d5 Nd4 16. Bxd4 exd4 17. Nb5 a6 18. Nxd4 Nxd5 19. cxd5 Bxd4 20. Rad1 Bf6 21. Rfe1 Rfd8 22. d6 Rxd6 23. g3 Rbd8 24. Rc1 b5 25. Re4 Rd3 26. Qc2 Rxf3 27. Qc6 Kg7 28. Re6 Qd2 29. Rxf6 Rxf6 30. Qc5 Rxf2 {0-} 0-1

[Event "45th FIDE Olympiad 2024"]
[Site "Budapest"]
[Date "2024.09.16"]
[Round "6.56"]
[White "Hovhannisyan, Robert"]
[Black "Gomez, John Paul"]
[Result "1-0"]
[ECO "C67"]
[WhiteElo "2619"]
[BlackElo "2408"]
[Annotator "RC"]
[PlyCount "177"]
[EventDate "2024.09.05"]
[EventType "team-tourn"]
[EventCountry "HUN"]
[SourceTitle "playchess.com"]
[Source "ChessBase"]
[SourceQuality "1"]
[WhiteTeam "Armenia"]
[BlackTeam "Philippines"]
[WhiteTeamCountry "ARM"]
[BlackTeamCountry "PHI"]
[TimeControl "40/5400+30:1800+30"]

1. e4 e5 2. Nf3 Nc6 3. Bb5 Nf6 4. O-O Nxe4 5. d4 Nd6 6. Bxc6 dxc6 7. dxe5 Nf5 8. Qxd8+ Kxd8 9. Rd1+ Ke8 10. Nc3 Be7 11. h3 b6 12. a4 a5 13. Bf4 h6 14. g4 Nh4 15. Nxh4 Bxh4 16. Ne2 Bd7 17. Ra3 c5 18. Nc3 Bc6 19. Nb5 Bxb5 20. axb5 Rd8 21. Rad3 Rxd3 22. Rxd3 Bd8 23. Kg2 h5 24. c4 hxg4 25. hxg4 g5 26. Bd2 Rg8 27. Rh3 Kd7 28. Kf3 Ke6 29. Ke4 Be7 30. Rh6+ Rg6 31. Rh1 Rg8 32. b3 Bd8 33. Rh6+ Rg6 34. Rh8 Be7 35. Bc3 Rg7 36. Bb2 Rg6 37. Bc1 Rg7 38. Be3 Rg6 39. Ra8 Rg7 40. Re8 Rg6 41. Rh8 Rg7 42. Bd2 Rg6 43. Rc8 Kd7 44. Ra8 Ke6 45. f3 Rg7 46. Rh8 Rg6 47. Be1 Rg7 48. Bg3 Rg6 49. Rh1 Rg8 50. Rh5 Bf8 51. Bf2 Rg6 52. Be1 Rg8 53. Bg3 Rg6 54. f4 gxf4 55. Kxf4 Rg8 56. Bh4 Bg7 57. Ke4 Rh8 58. Kf4 Bh6+ 59. Kf3 Bg7 60. Ke4 Rg8 61. Rg5 Rh8 62. Rh5 Rg8 63. Rf5 Bh8 64. Kf4 Ra8 65. Bf6 Bxf6 66. Rxf6+ Ke7 67. Ke4 Rd8 68. Rc6 Rd4+ 69. Kf5 Kd8 70. Rf6 Ke7 71. e6 fxe6+ 72. Rxe6+ Kf7 73. g5 Rd7 74. g6+ Kg7 75. Kg5 Rd3 76. Re7+ Kg8 77. Rxc7 Rxb3 78. Rb7 Rc3 79. Kf6 Rf3+ 80. Ke5 Rc3 81. Kd5 Rd3+ 82. Kc6 Rd4 83. Rxb6 Rxc4 84. Ra6 Rg4 85. b6 Rxg6+ 86. Kb5 Rg1 87. b7 Rb1+ 88. Kc6 c4 89. Rb6 1-0

[Event "45th FIDE Olympiad 2024"]
[Site "Budapest"]
[Date "2024.09.16"]
[Round "6.57"]
[White "Bjerre, Jonas Buhl"]
[Black "Navara, David"]
[Result "1/2-1/2"]
[ECO "C65"]
[WhiteElo "2648"]
[BlackElo "2681"]
[Annotator "TA"]
[PlyCount "84"]
[EventDate "2024.09.05"]
[EventType "team-tourn"]
[EventCountry "HUN"]
[SourceTitle "playchess.com"]
[Source "ChessBase"]
[SourceQuality "1"]
[WhiteTeam "Denmark"]
[BlackTeam "Czech Republic"]
[WhiteTeamCountry "DEN"]
[BlackTeamCountry "CZE"]
[TimeControl "40/5400+30:1800+30"]

1. e4 e5 2. Nf3 Nc6 3. Bb5 Nf6 4. d3 Bc5 5. Bxc6 dxc6 6. O-O (6. Nxe5 $2 {too greedy.} Qd4 7. O-O Qxe5 $19) 6... Nd7 7. c3 O-O 8. d4 Bd6 9. Bg5 Qe8 10. Re1 a5 11. Bh4 f6 12. Nbd2 Qf7 13. Bg3 Re8 14. b3 {[%emt 0:08:32] The position is equal.} Nb6 15. Qc2 c5 16. dxe5 fxe5 17. Nf1 Bg4 18. Nh4 c4 19. Nf5 cxb3 20. axb3 Bxf5 21. exf5 Nd5 22. Nd2 Ne7 23. Bxe5 Qxf5 24. Qxf5 Nxf5 25. Nc4 b5 26. Nxd6 cxd6 27. Bf4 Rxe1+ 28. Rxe1 $11 {[%emt 0:00:03][%mdl 4096] Endgame. KRB-KRN} a4 29. bxa4 bxa4 30. g4 Nh4 31. Ra1 d5 32. Kf1 Kf7 33. Ke2 Ng6 34. Bg3 Nf8 35. Kd3 Ne6 36. Ra3 Rc8 37. Bd6 Rc4 38. f3 Nf4+ 39. Kc2 Ng2 40. Kd3 Nf4+ 41. Kc2 Ng2 {[%emt 0:30:14] ...Ne1+ is the strong threat.} 42. Kd3 Nf4+ {[%emt 0:00:32] A balanced but interesting game.   Weighted Error Value: White=0.03 (flawless) /Black=0.02 (flawless) .  OK:         	White=17    	Black=12     Best:        	White=1     	Black=1} 1/2-1/2

[Event "45th FIDE Olympiad 2024"]
[Site "Budapest"]
[Date "2024.09.16"]
[Round "6.57"]
[White "Kumar, Manoj"]
[Black "Morazo, John Ranel"]
[Result "1/2-1/2"]
[WhiteElo "1951"]
[BlackElo "2200"]
[PlyCount "81"]
[EventDate "2024.09.05"]
[EventType "team-tourn"]
[EventCountry "HUN"]
[WhiteTeam "Fiji"]
[BlackTeam "Palau"]
[WhiteTeamCountry "FIJ"]
[BlackTeamCountry "PAL"]
[TimeControl "40/5400+30:1800+30"]

1. d4 Nf6 2. Nf3 c5 3. c3 g6 4. Bf4 Bg7 5. e3 O-O 6. Nbd2 d6 7. h3 Nc6 8. Be2 Be6 9. Ng5 Bd7 10. Ngf3 h6 11. O-O Be6 12. e4 cxd4 13. cxd4 d5 14. e5 Ne4 15. Bd3 Nxd2 16. Qxd2 Kh7 17. Rfe1 Qd7 18. b4 Bf5 19. b5 Nd8 20. a4 Bxd3 21. Qxd3 Ne6 22. Bd2 Rfc8 23. Rec1 Rxc1+ 24. Rxc1 Rc8 25. Rxc8 Qxc8 26. Qc3 Qxc3 27. Bxc3 Kg8 28. Kf1 Kf8 29. Bd2 a6 30. bxa6 bxa6 31. Ke2 Ke8 32. Kd3 Kd7 33. Ne1 f6 34. f4 h5 35. Nf3 Nf8 36. g4 Kc6 37. Nh4 Kd7 38. gxh5 gxh5 39. Nf5 Ne6 40. Ng3 Bh6 41. Nxh5 1/2-1/2

[Event "45th FIDE Olympiad 2024"]
[Site "Budapest"]
[Date "2024.09.16"]
[Round "6.58"]
[White "Nguyen, Thai Dai Van"]
[Black "Andersen, Mads"]
[Result "1-0"]
[ECO "C88"]
[WhiteElo "2647"]
[BlackElo "2598"]
[Annotator "RC"]
[PlyCount "89"]
[EventDate "2024.09.05"]
[EventType "team-tourn"]
[EventCountry "HUN"]
[SourceTitle "playchess.com"]
[Source "ChessBase"]
[SourceQuality "1"]
[WhiteTeam "Czech Republic"]
[BlackTeam "Denmark"]
[WhiteTeamCountry "CZE"]
[BlackTeamCountry "DEN"]
[TimeControl "40/5400+30:1800+30"]

1. e4 e5 2. Nf3 Nc6 3. Bb5 a6 4. Ba4 Nf6 5. O-O Be7 6. Re1 b5 7. Bb3 O-O 8. a4 Bb7 9. d3 d5 10. exd5 Nxd5 11. Nc3 Nxc3 12. bxc3 Bf6 13. Nd2 Na5 14. Ba2 Bd5 15. Ba3 Re8 16. Bxd5 Qxd5 17. Ne4 Qe6 18. Qf3 Be7 19. Bxe7 Qxe7 20. axb5 axb5 21. Ng3 Qf6 22. Qxf6 gxf6 23. Nh5 Re6 24. Ra2 Kf8 25. f4 Ra7 26. Rea1 Rea6 27. Kf2 Ra8 28. Kf3 Ke7 29. Ke4 R6a7 30. Kf5 Ra6 31. Ra3 R8a7 32. g4 h6 33. h4 Ra8 34. Ke4 Nb7 35. Rxa6 Nc5+ 36. Kf5 Rxa6 37. Rxa6 Nxa6 38. fxe5 fxe5 39. Nf6 c6 40. Kxe5 b4 41. Ng8+ Kd7 42. c4 Nc5 43. d4 b3 44. cxb3 Nxb3 45. Nxh6 1-0

[Event "45th FIDE Olympiad 2024"]
[Site "Budapest"]
[Date "2024.09.16"]
[Round "6.58"]
[White "Tan, Santiago Jr"]
[Black "Prasad, Rudr"]
[Result "0-1"]
[WhiteElo "1903"]
[BlackElo "1777"]
[PlyCount "120"]
[EventDate "2024.09.05"]
[EventType "team-tourn"]
[EventCountry "HUN"]
[WhiteTeam "Palau"]
[BlackTeam "Fiji"]
[WhiteTeamCountry "PAL"]
[BlackTeamCountry "FIJ"]
[TimeControl "40/5400+30:1800+30"]

1. e4 c6 2. Nf3 d5 3. exd5 cxd5 4. d4 Nc6 5. Be2 Bg4 6. O-O e6 7. Re1 Bd6 8. h3 Bh5 9. a3 Nf6 10. b3 Qb6 11. Bb2 O-O 12. Nbd2 Rac8 13. b4 a5 14. c3 axb4 15. axb4 Rfe8 16. Nh4 Bxe2 17. Rxe2 e5 18. Nf5 Bf8 19. dxe5 Nxe5 20. Nb3 Nc4 21. Bc1 Rxe2 22. Qxe2 Re8 23. Be3 Qc7 24. Qd3 Nxe3 25. Nxe3 Qe5 26. Rd1 Rc8 27. Nd4 Ne4 28. Nf3 Qxc3 29. Qxd5 Qxb4 30. Qd7 Ra8 31. Nd5 Qa4 32. Qxa4 Rxa4 33. Rc1 g6 34. Rc2 Ra5 35. Ne3 Bc5 36. Re2 f5 37. g3 b5 38. Kg2 b4 39. Nc4 Rb5 40. Ne1 Kf8 41. f3 Nd6 42. Ne5 b3 43. Nd7+ Kf7 44. Nxc5 b2 45. Rxb2 Rxb2+ 46. Kf1 Nc4 47. Ncd3 Ne3+ 48. Kg1 Re2 49. f4 Ke6 50. g4 fxg4 51. hxg4 Nxg4 52. Kf1 Rd2 53. Nc5+ Kd5 54. Nb3 Rb2 55. Nc1 Ke4 56. Ne2 h5 57. Ng2 Nh2+ 58. Kf2 Rc2 59. Nh4 Ng4+ 60. Ke1 Kd3 {0-} 0-1

[Event "45th FIDE Olympiad 2024"]
[Site "Budapest"]
[Date "2024.09.16"]
[Round "6.59"]
[White "Thybo, Jesper Sondergaard"]
[Black "Zilka, Stepan"]
[Result "1/2-1/2"]
[ECO "E05"]
[WhiteElo "2555"]
[BlackElo "2574"]
[Annotator "RC"]
[PlyCount "175"]
[EventDate "2024.09.05"]
[EventType "team-tourn"]
[EventCountry "HUN"]
[SourceTitle "playchess.com"]
[Source "ChessBase"]
[SourceQuality "1"]
[WhiteTeam "Denmark"]
[BlackTeam "Czech Republic"]
[WhiteTeamCountry "DEN"]
[BlackTeamCountry "CZE"]
[TimeControl "40/5400+30:1800+30"]

1. d4 d5 2. Nf3 Nf6 3. c4 e6 4. g3 Be7 5. Bg2 O-O 6. O-O dxc4 7. Qc2 a6 8. a4 Nbd7 9. Nbd2 b6 10. Ne5 Nxe5 11. Bxa8 Qxd4 12. Nf3 Nxf3+ 13. Bxf3 Nd5 14. Bd2 a5 15. Rac1 Ba6 16. Rfd1 Bc5 17. Be1 Qe5 18. Bc3 Nxc3 19. Qxc3 Bd6 20. Qxe5 Bxe5 21. Rd2 f5 22. e3 Kf7 23. Be2 c3 24. bxc3 Bb7 25. Bb5 Bd6 26. f4 Rg8 27. Kf2 g5 28. Rg1 Kf6 29. h4 h6 30. Be2 Bc6 31. Bb5 Bb7 32. Rdd1 Bd5 33. Bd3 Bc6 34. Bc2 Bc5 35. Ke2 b5 36. axb5 Bxb5+ 37. Bd3 Bc6 38. fxg5+ hxg5 39. g4 gxh4 40. gxf5 Bg2 41. Be4 h3 42. fxe6 a4 43. Bxg2 hxg2 44. Kf3 a3 45. Rxg2 Ra8 46. Ke4 Kxe6 47. Rdd2 Be7 48. Kd3 Ra4 49. Rh2 Bf6 50. Ra2 c5 51. Rh5 c4+ 52. Kc2 Be7 53. Ra1 Ra8 54. Rb1 a2 55. Ra1 Ra3 56. Kb2 Rb3+ 57. Kxa2 Rxc3 58. Re1 Bb4 59. Re2 Ra3+ 60. Kb1 Rb3+ 61. Rb2 Bc3 62. Rxb3 cxb3 63. Rb5 b2 64. Kc2 Be5 65. Kd3 Kd6 66. Ke4 Kc6 67. Rb3 Bg7 68. Kd3 Be5 69. e4 Kc5 70. Rb7 Kc6 71. Rb3 Kc5 72. Kc2 Kd4 73. Rxb2 Kxe4 74. Rb7 Bd4 75. Kd2 Be5 76. Ke2 Bd4 77. Rb4 Ke5 78. Kd3 Bf2 79. Re4+ Kd5 80. Rf4 Bg3 81. Rf5+ Be5 82. Rh5 Kd6 83. Ke4 Bc3 84. Rd5+ Kc6 85. Rd3 Be1 86. Rd1 Bf2 87. Rc1+ Kd6 88. Rh1 1/2-1/2

[Event "45th FIDE Olympiad 2024"]
[Site "Budapest"]
[Date "2024.09.16"]
[Round "6.59"]
[White "Terubea, Ronald"]
[Black "Salvadora, Angelo"]
[Result "1-0"]
[WhiteElo "1836"]
[BlackElo "1812"]
[PlyCount "75"]
[EventDate "2024.09.05"]
[EventType "team-tourn"]
[EventCountry "HUN"]
[WhiteTeam "Fiji"]
[BlackTeam "Palau"]
[WhiteTeamCountry "FIJ"]
[BlackTeamCountry "PAL"]
[TimeControl "40/5400+30:1800+30"]

1. e4 d6 2. Nf3 e5 3. d4 exd4 4. Nxd4 Bd7 5. Nc3 Nc6 6. Be3 a6 7. Be2 g6 8. h4 Bh6 9. Nxc6 Bxc6 10. Qd4 f6 11. f4 Bg7 12. Qd2 Ne7 13. O-O-O Qd7 14. h5 h6 15. hxg6 O-O-O 16. f5 d5 17. Bxh6 Bxh6 18. Rxh6 Rxh6 19. Qxh6 Qe8 20. g4 d4 21. Nd5 Nxd5 22. exd5 Bxd5 23. Bd3 Qe7 24. Qd2 Bxa2 25. Re1 Qd6 26. g5 Bg8 27. Rg1 c5 28. gxf6 Qxf6 29. Qg5 Rd6 30. Qxf6 Rxf6 31. Rh1 Kd7 32. Rh8 Rf8 33. f6 Ke8 34. g7 Rxf6 35. Rxg8+ Kf7 36. Bc4+ Kg6 37. Rb8 b5 38. g8=Q+ 1-0